 Dungeon Crawl Stone Soup version 0.30-a0-170-g85af917532 (webtiles) character file.

Game seed: 2392331702405159422

169 qw the Chopper (level 5, -7/32 HPs)
             Began as a Gargoyle Fighter on Oct 1, 2022.
             Killed by divine providence
             ... invoked by an orc priest
              (13 damage)
             ... on level 3 of the Dungeon.
             The game lasted 00:01:03 (3415 turns).

qw the Chopper (Gargoyle Fighter)                   Turns: 3415, Time: 00:01:03

Health: -7/32      AC: 12    Str: 22    XL:     5   Next: 50%
Magic:  5/5        EV:  9    Int:  8    God:
Gold:   73         SH:  4    Dex:  9    Spells: 4/4 levels left

rFire   + . .      SeeInvis .    Y - +0 war axe
rCold   . . .      Faith    .    c - +0 buckler
rNeg    + . .      Spirit   .    b - +0 scale mail
rPois   inf        Reflect  .    (no helmet)
rElec   +          Harm     .    (no cloak)
rCorr   .          Rampage  .    i - +0 pair of gloves
Will    .....                    (no boots)
Stlth   ..........               (no amulet)
HPRegen 0.10/turn                h - ring of protection from fire
MPRegen 0.09/turn                (no ring)

@: no status effects
A: sickness immunity, AC +4, negative energy resistance 1, electricity
resistance, torment resistance 1, petrification resistance
a: no special abilities


You were on level 3 of the Dungeon.
You visited 1 branch of the dungeon, and saw 3 of its levels.

You collected 73 gold pieces.


Innate Abilities, Weirdness & Mutations

You are immune to sickness and miasma.
Your stone body is resilient. (AC +4)
You are immune to poison.
You resist negative energy. (rN+)
You are resistant to electric shocks. (rElec)
You are resistant to unholy torment.
You are immune to petrification.


   Skills:
 + Level 3.4 Fighting
 - Level 5.0 Axes
 - Level 3.2 Armour
 - Level 3.2 Shields


You had 4 spell levels left.
You didn't know any spells.
Your spell library was empty.

Inventory:

Hand Weapons
 k - a +0 flail
 Y - a +0 war axe (weapon)
Missiles
 e - 2 boomerangs (quivered)
Armour
 b - a +0 scale mail (worn)
 c - a +0 buckler (worn)
 g - a +0 chain mail
 i - a +0 pair of gloves (worn)
Jewellery
 h - a ring of protection from fire (left hand)
Scrolls
 a - 2 scrolls of identify
Potions
 d - a potion of might
 f - 2 potions of degeneration {unknown}
 j - a potion of heal wounds {unknown}
 l - a potion of curing {unknown}
 m - a potion of cancellation
 o - a potion of haste {unknown}
 p - a potion of lignification {unknown}

Dungeon Overview and Level Annotations

Branches:
Dungeon (3/15)

Altars:
Zin

Shops:
D:3 (

Annotations:
D:2 1 runed translucent door, Crazy Yiuf


Message History

Enter note:
Enter note:
Enter note: An orc comes into view. It is wielding a +0 flail.
Enter note: Throw: 2 boomerangs
Press: ? - help, Q - select action Shift-Dir - straight line, f - orc You throw a boomerang.
The boomerang hits the orc but does no damage.
An orc priest comes into view. It is wielding a +0 morningstar.
The orc priest shouts!
You hear a shout!
An orc comes into view. It is wielding a +0 flail.
An orc priest comes into view. It is wielding a +0 flail.
You see here 12 gold pieces.
The orc priest shouts!
You hit the orc.
The orc is severely wounded.
The orc hits you but does no damage.
You slash the orc!
You kill the orc!
The orc priest mumbles some strange prayers to Beogh against you.
Pain shoots through your body!
The orc priest calls down the wrath of Beogh upon you.
Pain shoots through your body! The orc priest barely misses you.
You hit the orc priest.
The orc priest is moderately wounded.
The orc priest closely misses you.
You hit the orc priest.
The orc priest is moderately wounded.
The orc priest invokes the aid of Beogh against you.
Beogh smites you!
The orc priest invokes the aid of Beogh against you.
Pain shoots through your body!
You closely miss the orc priest.
The orc priest is moderately wounded.
You hit the orc. You block the orc's attack.
The orc priest invokes the aid of Beogh against you.
Beogh smites you!
You die...

. ## #. ..
#..###.
.......
#.....o######
#.....o@$...#
......o####.#
###...# #.#
#### #.####
#....# ####.#
##### #.#
#..(# #.#
#.<.#
#####.###


You could see 2 orc priests and an orc.

Vanquished Creatures
  Natasha (D:3)
  7 adders
  2 worms (D:2)
  3 dart slugs
  7 orcs (D:3)
  3 ball pythons (D:3)
  5 endoplasms
  2 giant cockroaches (D:3)
  5 goblins
  4 hobgoblins (D:1)
  4 jackals (D:2)
  5 quokkas
  6 bats
  3 frilled lizards
  2 kobolds (D:3)
  2 rats
61 creatures vanquished.

Notes
Turn   | Place    | Note
-------+----------+-------------------------------------------
     0 | D:1      | qw the Gargoyle Fighter began the quest for the Orb.
     0 | D:1      | Reached XP level 1. HP: 14/14 MP: 1/1
     0 | D:1      | 0 ||| qw: Version: 0.2-a-13-gfc7b4b4
     0 | D:1      | 0 ||| qw: Game counter: 1756
     0 | D:1      | 0 ||| qw: Always use a shield: true
     0 | D:1      | 0 ||| qw: God list: Okawaru
     0 | D:1      | 0 ||| qw: Allow faded altars: false
     0 | D:1      | 0 ||| qw: Do Orc after D:15 true
     0 | D:1      | 0 ||| qw: Do second Lair branch before Depths: true
     0 | D:1      | 0 ||| qw: Lair rune preference: random
     0 | D:1      | 0 ||| qw: Plans: Normal, Zot:1-4, God:TSO, Crypt, Tomb,
                  | Pan, Slime:5, Hells, Abyss, Orb
     0 | D:1      | 0 ||| PLANNING D:1-11
    47 | D:1      | HP: 2/14 [quokka (4)]
    49 | D:1      | Reached skill level 2 in Axes
   647 | D:1      | Reached XP level 2. HP: 19/19 MP: 2/2
   774 | D:1      | 774 ||| Stepping ~*~*~tactically~*~*~ (hiding).
   775 | D:1      | 775 ||| Stepping ~*~*~tactically~*~*~ (hiding).
   915 | D:1      | Reached skill level 3 in Axes
  1038 | D:1      | Found a faded altar of an unknown god.
  1113 | D:1      | 1113 ||| UPGRADING to +0 pair of gloves.
  1118 | D:1      | 1118 ||| UPGRADING to ring of protection from fire.
  1160 | D:2      | Reached XP level 3. HP: 23/23 MP: 3/3
  1364 | D:2      | Found a glowing silver altar of Zin.
  1535 | D:2      | Reached XP level 4. HP: 23/28 MP: 4/4
  1770 | D:2      | Found a runed translucent door.
  1771 | D:2      | Noticed Crazy Yiuf
  1974 | D:2      | Reached skill level 4 in Axes
  2319 | D:2      | 2319 ||| READING 3 scrolls labelled ZOYG ANWINA.
  2320 | D:2      | 2320 ||| READING scroll labelled SASHRU ZALOOS.
  2321 | D:2      | 2321 ||| READING 3 scrolls labelled VESHOMOSOE.
  2322 | D:2      | 2322 ||| DRINKING 2 purple potions.
  2323 | D:2      | 2323 ||| DRINKING 2 amethyst potions.
  2324 | D:2      | 2324 ||| READING 2 scrolls of identify.
  2324 | D:2      | 2324 ||| IDENTIFYING fuming coppery potion
  2325 | D:2      | 2325 ||| DROPPING potion of flight.
  2326 | D:2      | 2326 ||| DROPPING 2 scrolls of butterflies.
  2327 | D:2      | 2327 ||| DROPPING potion of magic.
  2372 | D:3      | Noticed Natasha
  2381 | D:3      | HP: 5/28 [shadow imp/nerve-wracking pain[Natasha] (3)]
  2382 | D:3      | Killed Natasha
  2652 | D:3      | Found Dissefr Essi's Antique Weapon Shoppe.
  2827 | D:3      | Reached XP level 5. HP: 30/32 MP: 5/5
  2861 | D:3      | 2861 ||| Stepping ~*~*~tactically~*~*~ (stealth).
  2863 | D:3      | 2863 ||| Stepping ~*~*~tactically~*~*~ (stealth).
  2928 | D:3      | 2928 ||| FLEEEEING.
  2929 | D:3      | 2929 ||| FLEEEEING.
  2980 | D:3      | 2980 ||| DROPPING +0 mace.
  3056 | D:3      | 3056 ||| Stepping ~*~*~tactically~*~*~ (stealth).
  3057 | D:3      | 3057 ||| Stepping ~*~*~tactically~*~*~ (stealth).
  3097 | D:3      | 3097 ||| Stepping ~*~*~tactically~*~*~ (stealth).
  3103 | D:3      | 3103 ||| Stepping ~*~*~tactically~*~*~ (stealth).
  3145 | D:3      | Reached skill level 5 in Axes
  3414 | D:3      | HP: 6/32 [orc priest/nerve-wracking pain (6)]
  3415 | D:3      | Killed from afar by an orc priest

Levels and vault maps discovered:
D:1:      noname_arrival_rooms_in_the_neighbourhood, layout_loops_ring,
          chequers_ecumenical_altar_twisty
D:2:      layout_loops_corners, basic_altar, uniq_crazy_yiuf_cottage
D:3:      layout_loops_cross, serial_shops, nicolae_shop_statue_plus,
          kennysheep_big_empty_room, nicolae_elevator_lobby_plus, uniq_natasha

Skill      XL: |  1  2  3  4  5 |
---------------+----------------+-----
Axes           | 2 3 4 5 |  5.0
Fighting       | |  3.4
Armour         | |  3.2
Shields        | |  3.2

Action                   |  1- 3 |  4- 6 || total
-------------------------+-------+-------++-------
Melee: War axe           |   112 |    91 ||   203
Throw: Boomerang         |    19 |    32 ||    51
  Use: Scroll            |       |     4 ||     4
       Potion            |       |     2 ||     2
Armor: Scale mail        |    71 |    63 ||   134
Dodge: Dodged            |    53 |    50 ||   103
Block: Buckler           |    16 |    17 ||    33

Table legend:
 A = Non-vault XP
 B = Vault XP
 C = Vault XP percentage of total XP
 D = Non-vault monster count
 E = Vault monster count
 F = Vault count percentage of total count
                 A         B        C        D         E       F
            +---------+---------+-------+---------+---------+-------
      Total |     206 |      36 |  14.9 |      60 |       1 |   1.6
            +---------+---------+-------+---------+---------+-------
        D:1 |      33 |       0 |   0.0 |      16 |       0 |   0.0
        D:2 |      70 |       0 |   0.0 |      18 |       0 |   0.0
        D:3 |     103 |      36 |  25.9 |      26 |       1 |   3.7
            +---------+---------+-------+---------+---------+-------
